Map: Blueshift LE

Players

LiquidSnute (Snute)

  • Race: Zerg Zerg
  • League: Master
  • Spawn Location: 1:00

Lambo - Winner!

  • Race: Zerg Zerg
  • League: Master
  • Spawn Location: 7:00

VOD

Have the link to the VOD?

Description

Time

  • Played on: Jan. 11, 2019, 11:04 a.m.
  • Length: 8:41
Show
View Real Time Build Order
Export as new Build Order

LiquidSnute Zerg 

Build Orders: Hatch First, Zergling Baneling 

Get SALT Encoding   

  12  0:00  Drone  
  13  0:12  Overlord  
  13  0:17  Drone  
  14  0:30  Drone x2  
  14  0:34  Drone  
  17  0:51  Hatchery  
  17  0:53  Drone  
  17  0:57  Drone  
  18  0:59  Extractor  
  17  1:12  Spawning Pool  
  17  1:14  Drone  
  17  1:18  Drone  
  18  1:28  Drone  
  19  1:38  Overlord  
  19  1:49  Drone  
  20  1:58  Queen, Metabolic Boost  
  22  2:02  Queen  
  22  2:03  Drone  
  22  2:05  Zergling x2  
  26  2:12  Zergling x2  
  26  2:14  Zergling x2  
  28  2:28  Drone x2  
  30  2:30  Spore Crawler  
  30  2:32  Drone  
  30  2:36  Drone  
  31  2:42  Baneling Nest  
  31  2:44  Overlord  
  30  2:46  Drone  
  31  2:53  Zergling x2  
  31  2:56  Zergling x2  
  33  3:06  Drone  
  33  3:09  Drone x4  
  38  3:13  Hatchery  
  38  3:19  Overlord  
  38  3:20  Drone  
  38  3:23  Drone  
  38  3:25  Drone  
  40  3:30  Drone  
  40  3:31  Drone  
  42  3:36  Roach Warren  
  42  3:38  Drone  
  42  3:43  Drone x3  
  42  3:45  Baneling  
  42  3:46  Baneling x2  
  42  3:47  Baneling  
  43  3:50  Zergling x2  
  43  3:51  Zergling x2  
  43  3:52  Zergling x2  
  43  3:55  Zergling x2  
  46  4:00  Zergling x4  
  48  4:04  Zergling x2  
  48  4:05  Zergling x2  
  50  4:11  Baneling x2  
  48  4:17  Zergling x4  
  48  4:19  Baneling x2  
  48  4:21  Zergling x6  
  51  4:26  Overlord  
  51  4:29  Drone  
  51  4:30  Drone x2  
  51  4:31  Drone x2  
  53  4:36  Extractor x2  
  51  4:39  Evolution Chamber, Zergling x2  
  51  4:45  Zergling x2  
  51  4:48  Zergling x2  
  52  4:53  Hatchery  
  52  4:54  Lair  
  52  4:55  Zergling x2  
  52  4:56  Zergling x2  
  52  4:58  Zergling x2  
  52  4:59  Zergling x4  
  54  5:00  Zergling x2  
  54  5:06  Drone  
  56  5:07  Drone  
  56  5:08  Drone  
  56  5:15  Drone x2  
  58  5:22  Drone  
  58  5:23  Zerg Missile Weapons Level 1  
  58  5:26  Overlord  
  59  5:29  Overlord  
  59  5:39  Overlord  
  59  5:46  Roach x5  
  65  5:52  Glial Reconstitution  
  65  5:54  Roach x2  
  65  5:56  Drone x3  
  72  5:57  Queen  
  74  6:05  Roach  
  74  6:06  Roach x2  
  74  6:10  Roach x2  
  84  6:23  Roach x3  
  89  6:30  Roach  
  88  6:33  Roach  
  88  6:38  Overlord  
  88  6:39  Overlord x2  
  89  6:42  Extractor  
  88  6:52  Drone  
  89  6:58  Roach x7  
  103  7:04  Roach x2  
  103  7:08  Roach x3  
  113  7:09  Overlord x3  
  113  7:28  Roach  
  113  7:29  Roach x4  
  123  7:35  Roach x2  
  123  7:36  Roach  
  129  7:40  Roach x4  
  129  7:41  Overlord  
  137  7:50  Overlord, Ravager  
  138  8:01  Roach x4  
  138  8:05  Overlord  
  146  8:08  Roach x4  
  146  8:17  Roach x4  
Show
View Real Time Build Order
Export as new Build Order

Lambo Zerg - Winner!

Build Orders: Pool First 

Get SALT Encoding   

  12  0:00  Drone  
  13  0:12  Overlord  
  13  0:17  Drone  
  14  0:30  Drone x2  
  16  0:39  Spawning Pool  
  15  0:43  Drone  
  15  0:47  Drone  
  17  1:08  Hatchery  
  17  1:10  Drone  
  17  1:26  Zergling x4  
  17  1:27  Zergling x2  
  17  1:29  Queen  
  17  1:32  Extractor  
  21  1:38  Overlord  
  21  1:49  Drone  
  22  2:00  Drone  
  23  2:05  Queen  
  25  2:10  Drone  
  26  2:20  Queen  
  26  2:22  Drone  
  29  2:25  Drone  
  30  2:33  Drone x2  
  32  2:37  Drone  
  32  2:38  Metabolic Boost  
  32  2:40  Drone x2  
  32  2:42  Drone  
  35  2:45  Drone  
  36  3:00  Overlord  
  36  3:08  Overlord  
  36  3:11  Evolution Chamber  
  35  3:16  Drone  
  36  3:22  Roach Warren  
  36  3:23  Zergling x12  
  41  3:27  Zergling x2  
  41  3:30  Zergling x4  
  41  3:31  Zergling x2  
  45  3:38  Zerg Missile Weapons Level 1, Zergling x2  
  45  3:40  Zergling x2  
  47  3:53  Drone x2  
  49  3:59  Drone  
  49  4:00  Hatchery  
  49  4:04  Drone x2  
  49  4:06  Drone  
  52  4:12  Drone  
  51  4:20  Drone  
  45  4:32  Roach x3, Lair  
  45  4:37  Overlord  
  45  4:38  Overlord  
  50  4:42  Overlord  
  47  4:46  Roach x2  
  47  4:48  Evolution Chamber  
  47  4:51  Drone x2  
  52  4:55  Drone x2  
  52  4:57  Roach  
  56  5:03  Roach  
  56  5:05  Drone x2  
  56  5:06  Drone x2  
  62  5:09  Extractor  
  62  5:10  Overlord, Extractor  
  62  5:11  Drone  
  60  5:14  Drone  
  60  5:19  Drone x2  
  63  5:23  Drone x2  
  63  5:28  Drone  
  66  5:30  Drone  
  66  5:33  Drone x4  
  66  5:34  Drone x2  
  73  5:36  Overseer  
  73  5:45  Roach  
  73  5:49  Extractor  
  74  5:51  Hatchery  
  74  5:52  Roach  
  74  5:53  Roach  
  77  5:57  Zerg Missile Weapons Level 2  
  77  6:05  Roach x3  
  83  6:19  Overlord  
  83  6:21  Overlord  
  83  6:27  Evolution Chamber  
  83  6:28  Roach  
  83  6:30  Overlord  
  81  6:32  Zerg Ground Armor Level 1  
  81  6:34  Roach  
  81  6:37  Overlord  
  81  6:38  Drone x8  
  91  6:45  Glial Reconstitution  
  91  6:52  Roach x2  
  95  7:01  Roach x2  
  99  7:05  Roach x5  
  99  7:06  Overlord  
  109  7:09  Roach  
  109  7:14  Roach x2  
  115  7:17  Roach  
  117  7:24  Overlord  
  117  7:26  Roach  
  119  7:30  Extractor  
  119  7:34  Drone x3  
  119  7:35  Overlord  
  121  7:37  Roach x4  
  121  7:40  Overlord  
  121  7:41  Overlord  
  121  7:42  Ravager  
  121  7:43  Overlord  
  130  7:46  Overlord  
  130  7:47  Overlord  
  130  7:48  Ravager x3  
  135  7:51  Roach  
  135  7:54  Roach  
  137  7:59  Roach  
  137  8:03  Roach x5  
  149  8:09  Roach x3  
  147  8:16  Roach x4  
  140  8:20  Roach  
Tags
 
Add a new tag
Caveats
  • Supply blocks, unpowered buildings, or Contaminate may cause inaccurate times.
  • Supply counts are checked every 10 seconds.